 Dungeon Crawl Stone Soup version 0.29.1-12-g30fa7ad0bf (webtiles) character file.

Game seed: 4243985284808991754

121 retardedninja the Chopper (level 5, -5/41 HPs)
             Began as a Hill Orc Fighter on Dec 12, 2022.
             Slain by a gnoll
             ... wielding a +0 whip
              (6 damage)
             ... on level 2 of the Dungeon.
             The game lasted 00:04:30 (2771 turns).

retardedninja the Chopper (Hill Orc Fighter)        Turns: 2771, Time: 00:04:31

Health: -5/41      AC:  8    Str: 25    XL:     5   Next: 5%
Magic:  5/5        EV:  9    Int:  7    God:
Gold:   99         SH:  4    Dex:  9    Spells: 4/4 levels left

rFire   . . .      SeeInvis .   a - +0 war axe
rCold   . . .      Faith    .   c - +0 buckler
rNeg    . . .      Spirit   .   b - +0 scale mail
rPois   .          Reflect  .   (no helmet)
rElec   .          Harm     .   (no cloak)
rCorr   .          Rampage  .   e - +0 pair of gloves
Will    .....                   (no boots)
Stlth   ..........              (no amulet)
HPRegen 0.13/turn               (no ring)
MPRegen 0.09/turn               (no ring)

@: no status effects
A: frail 1, strong 1, wild magic 1, MP-powered wands
a: no special abilities


You were on level 2 of the Dungeon.
You visited 1 branch of the dungeon, and saw 3 of its levels.

You collected 99 gold pieces.

Inventory:

Hand Weapons
 a - a +0 war axe (weapon)
Missiles
 m - 5 silver javelins (quivered)
Armour
 b - a +0 scale mail (worn)
 c - a +0 buckler (worn)
 e - a +0 pair of gloves (worn)
Jewellery
 h - a ring of willpower
 k - a +4 ring of evasion
Scrolls
 f - a scroll of blinking
 g - a scroll of brand weapon {unknown}
 i - 2 scrolls of teleportation {unknown}
 j - a scroll of identify
 n - 2 scrolls of butterflies {unknown}
 o - 3 scrolls of noise {unknown}
 p - a scroll of poison {unknown}
 t - a scroll of fear {unknown}
 w - a scroll of amnesia {unknown}


   Skills:
 + Level 4.3 Fighting
 + Level 5.1 Axes
 + Level 4.1 Armour
 + Level 3.5 Shields


You had 4 spell levels left.
You didn't know any spells.
Your spell library was empty.

Dungeon Overview and Level Annotations

Branches:
Dungeon (3/15)

Altars:


Innate Abilities, Weirdness & Mutations

You are frail. (-10% HP)
Your muscles are strong. (Str +4, Int/Dex -1)
Your spells are a little harder to cast, but a little more powerful.
You expend magic power (3 MP) to strengthen your wands.


Message History

You are starting to lose your buoyancy.
You float gracefully downwards.
You hit the gnoll but do no damage. You closely miss the gnoll.
The gnoll closely misses you. The gnoll barely misses you.
You barely miss the gnoll. x2; You block the gnoll's attack.
The gnoll hits you with a +0 whip. You block the gnoll's attack.
The gnoll hits you but does no damage. x3
You hit the gnoll.
The gnoll is lightly wounded.
You hit the gnoll. You block the gnoll's attack. The gnoll closely misses you.
The gnoll hits you from afar with a +0 halberd.
* * * LOW HITPOINT WARNING * * *
You hit the gnoll.
The gnoll is moderately wounded.
You closely miss the gnoll. The gnoll closely misses you.
The gnoll hits you but does no damage.
The gnoll hits you from afar with a +0 halberd.
* * * LOW HITPOINT WARNING * * *
You slash the gnoll!
You kill the gnoll!
You closely miss the gnoll.
The gnoll hits you but does no damage. x2
The gnoll hits you with a +0 whip.
* * * LOW HITPOINT WARNING * * *
The gnoll barely misses you.
Your Axes skill increases to level 5!
You have reached level 5!
You feel stronger. The gnoll hits you with a +0 whip.
* * * LOW HITPOINT WARNING * * *
You see here a +0 spear.
There is a stone staircase leading up here.
The gnoll barely misses you.
You climb upwards.
There is a stone staircase leading down here.
You aren't carrying any potions.
As you read the scroll labelled BASUCA HAUCOUFAANU, it crumbles to dust.
It is a scroll of identify.
f - a scroll of blinking The gnoll hits you with a +0 whip.
You die...

#.# #.#.##.#####....##. #.#
#.#.##...>.....#.#. #.#
#.#.########..#.##. #.#
#.#.# #.....##. #.#### #.#.#
#.###.##. #....#
#.#.#######.# #.... ####.#
#...........###.... #.#
######.g............### #.#
#.....@##########.### #.#
#.####.# #.# ## #.# #.# #.#
#.# #. #.# #.## #.# #.####.
#.# #..###.# #.##...
##.###...)#.## #.##.#.
#..##..P.P...#########.#....
#.##.P♣PP♣....#..........###
#.#.PP♣♣...............#.#..


You could see a gnoll.

Vanquished Creatures
  2 gnolls (D:3)
  2 adders (D:2)
  3 worms (D:2)
  3 dart slugs
  9 endoplasms
  5 giant cockroaches
  5 goblins
  5 hobgoblins
  A jackal (D:2)
  2 kobolds
  3 quokkas
  2 ball pythons (D:2)
  20 frilled lizards
  10 rats
  10 bushes (D:2)
82 creatures vanquished.

Vanquished Creatures (others)
  18 plants
18 creatures vanquished.

Grand Total: 100 creatures vanquished

Notes
Turn   | Place    | Note
-------+----------+-------------------------------------------
     0 | D:1      | retardedninja the Hill Orc Fighter began the quest for the
                  | Orb.
     0 | D:1      | Reached XP level 1. HP: 19/19 MP: 1/1
    27 | D:1      | Found a faded altar of an unknown god.
   177 | D:1      | Reached XP level 2. HP: 23/27 MP: 2/2
   387 | D:1      | Reached skill level 3 in Axes
   631 | D:1      | Reached XP level 3. HP: 33/33 MP: 3/3
   980 | D:2      | Reached skill level 4 in Axes
   984 | D:2      | Reached XP level 4. HP: 34/40 MP: 4/4
  2708 | D:3      | Gained mutation: You expend magic power (3 MP) to
                  | strengthen your wands. [potion of mutation]
  2708 | D:3      | Gained mutation: Your muscles are strong. (Str +4, Int/Dex
                  | -1) [potion of mutation]
  2708 | D:3      | Gained mutation: You are frail. (-10% HP) [potion of
                  | mutation]
  2708 | D:3      | Gained mutation: Your spells are a little harder to cast,
                  | but a little more powerful. [potion of mutation]
  2767 | D:3      | Reached skill level 5 in Axes
  2767 | D:3      | Reached XP level 5. HP: 4/41 MP: 5/5
  2767 | D:3      | HP: 1/41 [gnoll/+0 whip (4)]
  2771 | D:2      | Slain by a gnoll

Illustrated notes

Levels and vault maps discovered:
D:1:      minmay_arrival_arboretum_large, layout_loops_ring,
          basic_ecumenical_altar, minmay_lizard_king
D:2:      layout_loops_ring, serial_forest, infiniplex_forest_clump_large,
          infiniplex_forest_lined_room_2, infiniplex_forest_lined_2,
          infiniplex_forest_end_2, infiniplex_forest_lined_1,
          infiniplex_forest_clump_medium, kennysheep_another_room,
          minmay_fractal_squares_5
D:3:      layout_basic

Skill      XL: |  1  2  3  4 |
---------------+-------------+-----
Fighting       | 4 |  4.3
Axes           | 3 4 5 |  5.1
Armour         | 4 |  4.1
Shields        | |  3.5

Action                   |  1- 3 |  4- 6 || total
-------------------------+-------+-------++-------
Melee: War axe           |   108 |   425 ||   533
Throw: Javelin           |       |     3 ||     3
  Use: Potion            |       |     7 ||     7
       Scroll            |       |     1 ||     1
Armor: Scale mail        |    47 |    25 ||    72
Dodge: Dodged            |    42 |    34 ||    76
Block: Buckler           |    18 |    12 ||    30
